 Dungeon Crawl Stone Soup version 0.27-a0-1186-g8b4daa1eef (webtiles) character file.

Game seed: 8942496625594087053

34 karrick the Caller (level 3, -1/25 HPs)
             Began as a Gnoll Summoner on May 19, 2021.
             Frozen to death by an endoplasm (2 damage)
             ... on level 2 of the Dungeon.
             The game lasted 00:02:49 (1880 turns).

karrick the Caller (Gnoll Summoner)                 Turns: 1880, Time: 00:02:50

Health: -1/25      AC:  2    Str:  8    XL:     3   Next: 31%
Magic:  2/9        EV: 13    Int: 14    God:
Gold:   53         SH:  0    Dex: 12    Spells: 6/12 levels left

rFire    . . .     SeeInvis .   c - +0 dagger
rCold    . . .     Faith    .   (no shield)
rNeg     . . .     Spirit   .   a - +0 robe
rPois    .         Reflect  .   (no helmet)
rElec    .         Harm     .   (no cloak)
rCorr    .         Rampage  .   (no gloves)
Will     .....                  (no boots)
Stlth    ++........             (no amulet)
HPRegen  0.08/turn              (no ring)
MPRegen  0.11/turn              (no ring)

@: no status effects
A: fangs 1, strong nose, distributed training
a: no special abilities


You were on level 2 of the Dungeon.
You visited 1 branch of the dungeon, and saw 2 of its levels.

You collected 53 gold pieces.

Inventory:

Hand Weapons
 c - a +0 dagger (weapon)
Armour
 a - a +0 robe (worn)
 k - a +0 pair of boots
Jewellery
 h - a ring of willpower
Scrolls
 d - 2 scrolls of fear {unknown}
 i - a scroll of teleportation {unknown}
Potions
 e - a potion of flight {unknown}
 f - a potion of might {unknown}
 g - a potion of lignification {unknown}
 j - a potion of magic {unknown}


   Skills:
 + Level 0.7 Fighting
 + Level 0.7 Short Blades
 + Level 0.7 Long Blades
 + Level 0.7 Axes
 + Level 0.7 Maces & Flails
 + Level 0.7 Polearms
 + Level 0.7 Staves
 + Level 0.7 Slings
 + Level 0.7 Bows
 + Level 0.7 Crossbows
 + Level 0.7 Throwing
 + Level 0.7 Armour
 + Level 4.5 Dodging
 + Level 4.1 Stealth
 + Level 0.7 Shields
 + Level 0.7 Unarmed Combat
 + Level 5.0 Spellcasting
 + Level 0.5 Conjurations
 + Level 0.5 Hexes
 + Level 7.1 Summonings
 + Level 0.5 Necromancy
 + Level 0.5 Translocations
 + Level 0.5 Transmutations
 + Level 0.5 Fire Magic
 + Level 0.5 Ice Magic
 + Level 0.5 Air Magic
 + Level 0.5 Earth Magic
 + Level 0.5 Poison Magic
 + Level 0.9 Invocations
 + Level 0.7 Evocations


You had 6 spell levels left.
You knew the following spells:

 Your Spells              Type           Power      Damage    Failure   Level
a - Summon Small Mammal   Summ           92%        N/A       1%          1
b - Call Imp              Summ           23%        N/A       1%          2
c - Call Canine Familiar  Summ           23%        N/A       2%          3

Your spell library contained the following spells:

 Spells                   Type           Power      Damage    Failure   Level
 Summon Guardian Golem    Hex/Summ       14%        N/A       11%         3
 Beastly Appendage        Tmut           8%         N/A       14%         1
 Wereblood                Tmut           4%         N/A       22%         2
 Summon Ice Beast         Ice/Summ       14%        N/A       36%         4
 Summon Lightning Spire   Summ/Air       14%        N/A       36%         4
 Spider Form              Tmut/Pois      2%         N/A       38%         3
 Ice Form                 Ice/Tmut       4%         N/A       80%         4
 Hydra Form               Tmut           2%         N/A       98%         5


Dungeon Overview and Level Annotations

Branches:
Dungeon (2/15)

Altars:


Innate Abilities, Weirdness & Mutations

You have very sharp teeth.
Your uncanny sense of smell can sniff out nearby items.
Your experience applies equally to all skills.


Message History

The endoplasm hits your crimson imp but does no damage.
Your crimson imp hits the gnoll shaman.
The goblin shouts!
Your hound closely misses the gnoll shaman.
The endoplasm closely misses your crimson imp.
Your hound barely misses the gnoll shaman.
You see here 16 gold pieces.
The ball python misses you. The ball python completely misses you.
Your hound bites the gnoll shaman.
The ball python barely misses you. The ball python closely misses you.
You hit the goblin.
The goblin is severely wounded.
The goblin misses you. The adder bites you. The ball python misses you.
The ball python barely misses you.
You hit the goblin but do no damage.
The goblin is severely wounded.
Your hound completely misses the gnoll shaman.
The goblin hits you with a +0 dagger. The adder barely misses you.
The ball python closely misses you. The ball python completely misses you.
You hit the goblin but do no damage.
The goblin is severely wounded.
The adder bites you.
* * * LOW HITPOINT WARNING * * *
The ball python closely misses you. The ball python misses you.
The goblin closely misses you.
Your hound closely misses the ball python.
The adder barely misses you.
The gnoll shaman closely misses your hound.
The adder bites you.
* * * LOW HITPOINT WARNING * * *
Your hound barely misses the gnoll shaman.
Your crimson imp barely misses the gnoll shaman.
The endoplasm closely misses you.
Your hound barely misses the gnoll shaman.
It was a potion of cancellation.
You feel magically purged.
Your hound bites the gnoll shaman but does no damage.
The goblin misses you. The endoplasm freezes you.
You are frozen.
You die...

##...##### #....#
.... #..#)## ....
#..#..##### .....
###.........#
.....#............#
..................#
....##............#
........#.....$J@.#
?............hSSg.#
#.bS...#.$..(5.g..#
#......###..##.####
#......# ##. #<.
.......# #. .#.#
###...## #. .#
#...# ## .# #...#
..


You could see a gnoll shaman (ally target), an adder, an endoplasm, a goblin, a
ball python, a friendly hound (summoned) and a friendly crimson imp (summoned).

Vanquished Creatures
  An adder (D:2)
  A dart slug (D:1)
  A ball python (D:1)
  An endoplasm (D:1)
  A giant cockroach (D:1)
  A hobgoblin (D:1)
  3 quokkas
  3 bats
  A frilled lizard (D:2)
  A kobold (D:1)
  2 rats
16 creatures vanquished.

Vanquished Creatures (collateral kills)
  2 bats (D:2)
  An endoplasm (D:1)
  5 goblins
  A hobgoblin (D:1)
  3 kobolds
  2 quokkas
  A frilled lizard (D:2)
  2 rats (D:1)
17 creatures vanquished.

Grand Total: 33 creatures vanquished

Notes
Turn   | Place    | Note
-------+----------+-------------------------------------------
     0 | D:1      | karrick the Gnoll Summoner began the quest for the Orb.
     0 | D:1      | Reached XP level 1. HP: 13/13 MP: 6/6
   329 | D:1      | Reached XP level 2. HP: 19/19 MP: 7/7
   755 | D:1      | Found a faded altar of an unknown god.
  1614 | D:2      | Reached XP level 3. HP: 25/25 MP: 5/9
  1639 | D:2      | Reached skill level 5 in Spellcasting
  1826 | D:2      | Learned a level 2 spell: Call Imp
  1830 | D:2      | Learned a level 3 spell: Call Canine Familiar
  1878 | D:2      | HP: 1/25 [adder (5)]
  1880 | D:2      | Frozen to death by an endoplasm

Illustrated notes

Levels and vault maps discovered:
D:1:      eino_arrival_druids_welcome, layout_loops_corners,
          shapermc_ecumenical_altar_mp_ritualfount
D:2:      layout_rooms, minmay_octomino_e4, uniq_sigmund,
          uniq_crazy_yiuf_cottage

Skill      XL: |  1  2  3 |
---------------+----------+-----
Spellcasting   | 5 |  5.0
Fighting       | |  0.7
Short Blades   | |  0.7
Long Blades    | |  0.7
Axes           | |  0.7
Maces & Flails | |  0.7
Polearms       | |  0.7
Staves         | |  0.7
Slings         | |  0.7
Bows           | |  0.7
Crossbows      | |  0.7
Throwing       | |  0.7
Armour         | |  0.7
Dodging        | |  4.5
Stealth        | |  4.1
Shields        | |  0.7
Unarmed Combat | |  0.7
Conjurations   | |  0.5
Hexes          | |  0.5
Summonings     | |  7.1
Necromancy     | |  0.5
Translocations | |  0.5
Transmutations | |  0.5
Fire Magic     | |  0.5
Ice Magic      | |  0.5
Air Magic      | |  0.5
Earth Magic    | |  0.5
Poison Magic   | |  0.5
Invocations    | |  0.9
Evocations     | |  0.7

Action                   || total
-------------------------++-------
Melee: Dagger            ||    85
       Bite              ||     7
 Cast: Summon Small Mamm ||    39
       Call Canine Famil ||     2
       Call Imp          ||     1
  Use: Potion            ||     1
 Stab: Sleeping          ||     5
Armor: Robe              ||    30
Dodge: Dodged            ||   100

Table legend: (Time is in decaauts)
 A = Elapsed time spent in this place.
 B = Non-inter-level travel time spent in this place.
 C = Inter-level travel time spent in this place.
 D = Time resting spent in this place.
 E = Time spent auto-exploring this place.
 F = Levels seen in this place.
 G = Mean time per level.
                   A        B        C        D        E       F      G
               +--------+--------+--------+--------+--------+-----+--------+
         Total |   1877 |   1874 |      3 |    160 |   1408 |   2 |  938.5 |
       Dungeon |   1877 |   1874 |      3 |    160 |   1408 |   2 |  938.5 |
               +--------+--------+--------+--------+--------+-----+--------+

Top non-repeatable levels by time:
     D:1: 1495 daAuts
     D:2: 382 daAuts
